 Dungeon Crawl Stone Soup version 0.30-a0-374-g95c0257040 (webtiles) character file.

Game seed: 8906482579423176295

8449 Raultor the Transmogrifier (level 11, 0/90 HPs)
             Began as an Octopode Transmuter on Nov 25, 2022.
             Was a Believer of Ashenzari.
             Slain by a tengu warrior
             ... wielding a +0 long sword
              (17 damage)
             ... on level 9 of the Dungeon.
             The game lasted 00:52:07 (7515 turns).

Raultor the Transmogrifier (Octopode Transmuter)    Turns: 7515, Time: 00:52:08

Health: 0/90       AC: 10    Str: 15    XL:     11   Next: 31%
Magic:  15/16      EV: 15    Int: 15    God:    Ashenzari [**....]
Gold:   352        SH:  0    Dex: 12    Spells: 3/17 levels left

rFire   . . .      SeeInvis +      - Unarmed
rCold   + + .      Faith    .    (shield currently unavailable)
rNeg    + . .      Spirit   .    (helmet currently unavailable)
rPois   +          Reflect  .    q - amulet of the Fated Vision {Regen+, Alch, Self} (curse)
rElec   .          Harm     .    E - ring "Inaction of Ashenzari" {EV+4, Comp, Fort} (curse)
rCorr   .          Rampage  .    W - ring of Supernal Knowledge {Will+, Fort, Cun} (curse)
Will    +....                    F - ring of fire
Stlth   +.........               N - ring of Ashenzari's Submission {rN+, Cun, Melee} (curse)
HPRegen 1.15/turn                (no ring)
MPRegen 0.15/turn                (no ring)
                                 (no ring)
                                 (no ring)

@: about to teleport, ice-form, wereblooded
A: freezing attack, boosted hp, almost no armour, amphibious, 8 rings, large,
(camouflage 1), (gelatinous body 1), (nimble swimmer 1), (tentacles)
a: End Transformation, Renounce Religion, Shatter the Chains


You were on level 9 of the Dungeon.
You worshipped Ashenzari.
Ashenzari was pleased with you.
You were a creature of crystalline ice.
You visited 2 branches of the dungeon, and saw 10 of its levels.

You collected 352 gold pieces.


Innate Abilities, Weirdness & Mutations

You are a creature of crystalline ice.
You have a powerful freezing melee attack.
Your maximum health is increased.
Your armour is entirely melded.
You are incapable of wielding weapons or throwing items.
You cannot wear most types of armour.
You are amphibious.
You can wear up to eight rings at the same time.
((Your skin changes colour to match your surroundings (Stealth+).))
((Your rubbery body absorbs attacks. (AC +1, EV +1)))
((You are camouflaged when in or above water. (Stealth+)))
((You have tentacles for arms and can constrict up to eight enemies at once.))


   Skills:
 + Level 6.1(7.3) Fighting
 + Level 3.8(5.5) Dodging
 + Level 6.8(8.1) Unarmed Combat
 + Level 2.6(3.6) Spellcasting
 * Level 10.6(11.8) Transmutations
 + Level 8.5 Ice Magic
 - Level 6.3(7.5) Poison Magic


You had 3 spell levels left.
You knew the following spells:

 Your Spells              Type           Power      Damage    Failure   Level
a - Passwall              Tmut/Erth      16%        N/A       2%          2
b - Beastly Appendage     Tmut           76%        N/A       1%          1
c - Ice Form              Ice/Tmut       33%        N/A       2%          4
e - Ensorcelled Hibernat  Hex/Ice        30%        N/A       4%          2
s - Spider Form           Tmut/Pois      31%        N/A       1%          3
w - Wereblood             Tmut           38%        N/A       1%          2

Your spell library contained the following spells:

 Spells                   Type           Power      Damage    Failure   Level
 Freeze                   Ice            100%       1d10      1%          1
 Frozen Ramparts          Ice            56%        1d9       1%          3
 Hailstorm                Conj/Ice       15%        3d5       10%         3
 Shock                    Conj/Air       8%         1d3       19%         1
 Sublimation of Blood     Necr           3%         N/A       26%         2
 Swiftness                Air            2%         N/A       50%         3
 Petrify                  Tmut/Erth      20%        N/A       16%         4
 Irradiate                Conj/Tmut      10%        3d15      41%         5
 Airstrike                Air            1%         2d(1-17)  88%         4

Inventory:

Missiles
 s - a throwing net {=f}
Armour
 G - a +2 hat (melded)
Magical Staves
 h - a staff of cold (melded) {!a}
 r - a staff of air {!a}
Jewellery
 d - an amulet of reflection
 q - the cursed amulet of the Fated Vision (around neck) {Regen+, Alch, Self}
   (You found it on level 4 of the Dungeon)

   [amulet of regeneration]

   Regen:     It increases your rate of health regeneration.
   It has a curse which improves the following skills: Alchemy: Poison Magic and
   Transmutations.
   Introspection: Fighting and Spellcasting.
 v - an amulet of guardian spirit
 D - an amulet of the acrobat
 E - the cursed ring "Inaction of Ashenzari" (left front paw) {EV+4, Comp, Fort}
   (You found it on level 4 of the Dungeon)

   [ring of evasion]

   EV:        It affects your evasion (+4).
   It has a curse which improves the following skills: Companions: Summonings
   and Necromancy.
   Fortitude: Shields.
 F - a ring of fire (on tentacle)
 N - the cursed ring of Ashenzari's Submission (on tentacle) {rN+, Cun, Melee}
   (You found it on level 8 of the Dungeon)

   [ring of positive energy]

   rN:        It protects you from negative energy.
   It has a curse which improves the following skills: Cunning: Dodging and
   Stealth.
   Melee Combat: Short Blades, Long Blades, Axes, Maces & Flails, Polearms,
   Staves and Unarmed Combat.
 W - the cursed ring of Supernal Knowledge (right front paw) {Will+, Fort, Cun}
   (You found it on level 4 of the Dungeon)

   [ring of willpower]

   Will:      It increases your willpower.
   It has a curse which improves the following skills: Fortitude: Shields.
   Cunning:   Dodging and Stealth.
Wands
 k - a wand of flame (12)
 u - a wand of quicksilver (8)
 y - a wand of mindburst (12)
 z - a wand of charming (12)
 L - a wand of roots (9)
Scrolls
 b - a scroll of magic mapping
 c - a scroll of summoning
 e - 2 scrolls of poison
 f - 3 scrolls of fear
 j - 6 scrolls of teleportation {@r2}
 l - 3 scrolls of brand weapon
 m - 3 scrolls of immolation
 n - a scroll of vulnerability
 t - a scroll of blinking
 w - 3 scrolls of enchant weapon
 K - a scroll of butterflies
Potions
 a - 4 potions of lignification
 g - 2 potions of might
 i - 2 potions of flight
 o - a potion of curing {@q1}
 p - 2 potions of mutation
 x - a potion of resistance
 A - a potion of haste {@q3}
 B - 2 potions of heal wounds {@q2}
 I - a potion of attraction
 J - 2 potions of berserk rage {!q}
 M - a potion of cancellation

Dungeon Overview and Level Annotations

Branches:
Dungeon (9/15)             Temple (1/1) D:6
   Lair: D:8-11         Orc: D:9-12

Altars:
Ashenzari
Cheibriados
Dithmenos
Elyvilon
Fedhas
Gozag
Hepliaklqana
Kikubaaqudgha
Makhleb
Nemelex Xobeh
Okawaru
Qazlal
Ru
Sif Muna
Trog
Uskayaw
Vehumet
Wu Jian
Xom
Yredelemnul
Zin
The Shining One

Annotations:
D:3 Natasha

* , * ..▒ ,,
,.B▒, , , *
▒▒▒▒▒,##### * ,*
▒▒▒...▒##...#, ,,
▒▒▒.....▒...#.# ,
▒.......▒#....#
+...⌠...).....# ,
▒.......▒.....#
,,
▒▒▒....Y▒..†..# ,
▒▒▒..Q▒.....#
▒▒▒'▒.....#* *
{Tk▒#....# ,,
cKN▒...#.#
,.KKK▒.....# ,
○K...?▒.....##+
,....▒▒▒...#....#
, , ,
....$▒........#.#


You could see a boulder beetle, a salamander, a wind drake (repels missiles), a
tengu warrior, a troll, a kobold brigand (summoned) and 3 kobolds.


Message History

You hit the tengu warrior but do no damage.
The tengu warrior is lightly wounded.
You punch the tengu warrior! You freeze the tengu warrior!
The tengu warrior is moderately wounded.
The tengu warrior hits you with a +0 long sword.
* * * LOW HITPOINT WARNING * * *
The tengu warrior pecks you.
* * * LOW HITPOINT WARNING * * *
The tengu warrior claws you but does no damage.
The tengu warrior blocks your attack.
The tengu warrior is moderately wounded.
The tengu warrior hits you with a +0 long sword!
* * * LOW HITPOINT WARNING * * *
The tengu warrior closely misses you. x2
The wind drake flaps its wings at you. The air twists around and strikes you.
* * * LOW HITPOINT WARNING * * *
As you read the scroll of teleportation {@r2}, it crumbles to dust.
You feel strangely unstable. The tengu warrior closely misses you.
The tengu warrior pecks you but does no damage.
The tengu warrior closely misses you.
The tengu warrior attacks as you move away!
The tengu warrior hits you with a +0 long sword!
* * * LOW HITPOINT WARNING * * *
The tengu warrior pecks you but does no damage.
The tengu warrior closely misses you.
The wind drake begins repelling missiles!
The tengu warrior attacks as you move away!
The tengu warrior hits you with a +0 long sword!
You die...

Skill      XL: |  1  2  3  4  5  6  7  8  9 10 11 |
---------------+----------------------------------+-----
Poison Magic   | 2 3 4 6 |  6.3
Transmutations | 3 4 5 6 8 10 | 10.6
Ice Magic      | 5 6 7 8 |  8.5
Fighting       | 2 4 5 6 |  6.1
Unarmed Combat | 5 6 |  6.8
Dodging        | 3 |  3.8
Spellcasting   | |  2.6

Action                   |  1- 3 |  4- 6 |  7- 9 | 10-12 || total
-------------------------+-------+-------+-------+-------++-------
Melee: Unarmed           |    84 |    87 |   327 |   241 ||   739
       Kick              |    16 |     8 |       |       ||    24
       Tentacles         |    15 |     5 |     6 |       ||    26
       Constrict         |    22 |    11 |     3 |       ||    36
       Punch             |     4 |     4 |       |       ||     8
 Cast: Beastly Appendage |    10 |     4 |       |       ||    14
       Wereblood         |       |     4 |    11 |    12 ||    27
       Spider Form       |       |     5 |    21 |     1 ||    27
       Ice Form          |       |       |     9 |    18 ||    27
       Ensorcelled Hiber |       |       |     1 |     3 ||     4
Invok: Curse Item        |       |       |       |     4 ||     4
Evoke: Wand              |       |       |     3 |       ||     3
  Use: Potion            |       |     3 |     1 |       ||     4
       Scroll            |       |       |     9 |     2 ||    11
 Stab: Sleeping          |     8 |     1 |     2 |       ||    11
Armor: Skin              |     1 |    28 |    26 |    67 ||   122
Dodge: Dodged            |    35 |    42 |   193 |   169 ||   439
Block: Other             |    15 |    13 |    12 |       ||    40
       Reflection        |     2 |       |     2 |       ||     4

Levels and vault maps discovered:
D:1:      lightli_iron_boxes, layout_basic
D:2:      layout_rooms, corexii_corridor_pit
D:3:      layout_rooms, mainiacjoe_overflow_large_starburst, eino_tiny_chamber,
          uniq_natasha
D:4:      layout_rooms, ebering_ghost_reflecting_pool, uniq_duvessa, uniq_robin
D:5:      layout_rooms, gammafunk_ghost_nasty_kobolds, kennysheep_donut,
          uniq_edmund, uniq_grinder, uniq_sigmund, uniq_pikel
D:6:      layout_cave_pods, minmay_temple_entry_antechambers, nrook_mini_vaults,
          uniq_blork_the_orc
D:7:      layout_rooms, grunt_temple_overflow_holy_war, the_hattery
D:8:      layout_loops_ring, uniq_grum
D:9:      layout_stronghold, nicolae_rejected_hall, uniq_erolcha
Temple:   regret_index_temple_chain_breaker

Notes
Turn   | Place    | Note
-------+----------+-------------------------------------------
     0 | D:1      | Raultor the Octopode Transmuter began the quest for the
                  | Orb.
     0 | D:1      | Reached XP level 1. HP: 13/13 MP: 3/3
   120 | D:1      | Reached XP level 2. HP: 12/18 MP: 3/5
   123 | D:1      | Learned a level 2 spell: Wereblood
   645 | D:1      | Reached XP level 3. HP: 21/23 MP: 6/6
   649 | D:1      | Learned a level 3 spell: Spider Form
   815 | D:2      | Reached skill level 1 in Poison Magic
  1226 | D:3      | Reached skill level 2 in Poison Magic
  1226 | D:3      | Reached XP level 4. HP: 22/28 MP: 5/7
  1385 | D:3      | Noticed Natasha
  1405 | D:3      | HP: 1/28 [Natasha/magic dart (6)]
  1465 | D:4      | Reached skill level 3 in Transmutations
  1465 | D:4      | Reached skill level 3 in Poison Magic
  1465 | D:4      | Reached XP level 5. HP: 8/33 MP: 8/8
  1593 | D:4      | Noticed Duvessa
  1593 | D:4      | Noticed Dowan
  1690 | D:4      | Noticed a water moccasin
  1698 | D:4      | Killed a water moccasin
  1699 | D:4      | Reached skill level 4 in Poison Magic
  1699 | D:4      | Reached XP level 6. HP: 33/38 MP: 5/9
  1729 | D:3      | Noticed a water moccasin
  1757 | D:3      | Reached skill level 5 in Poison Magic
  1762 | D:3      | Killed a water moccasin
  1763 | D:3      | Reached skill level 4 in Transmutations
  1884 | D:3      | Reached skill level 6 in Poison Magic
  1910 | D:3      | Reached XP level 7. HP: 43/43 MP: 1/10
  2079 | D:3      | Found a shimmering blue altar of Sif Muna.
  2089 | D:3      | Found a white marble altar of Elyvilon.
  2248 | D:4      | Noticed Robin
  2251 | D:4      | Killed Robin
  2307 | D:4      | Learned a level 4 spell: Ice Form
  2487 | D:4      | Found a runed translucent door.
  2490 | D:4      | Noticed Chingon's ghost (amateur MiFi)
  2644 | D:5      | Entered Level 5 of the Dungeon
  2644 | D:5      | Noticed Sigmund
  2684 | D:5      | Found a runed translucent gate.
  2685 | D:5      | Found a runed translucent gate.
  2687 | D:5      | Found a runed translucent gate.
  2687 | D:5      | Noticed CoolSool's ghost (novice DrTm)
  2712 | D:5      | Noticed Pikel
  2755 | D:5      | Reached skill level 1 in Ice Magic
  2887 | D:5      | Killed Sigmund
  2888 | D:5      | Reached skill level 2 in Ice Magic
  2896 | D:5      | Killed Pikel
  2897 | D:5      | Reached skill level 5 in Transmutations
  2897 | D:5      | Reached skill level 5 in Ice Magic
  2897 | D:5      | Reached XP level 8. HP: 38/48 MP: 9/11
  2945 | D:5      | Noticed Edmund
  2951 | D:5      | Noticed Grinder
  3029 | D:5      | Killed Grinder
  3030 | D:5      | Reached skill level 6 in Transmutations
  3030 | D:5      | Reached skill level 6 in Ice Magic
  3117 | D:5      | HP: 2/48 [acid (9)]
  3354 | D:5      | Reached skill level 2 in Fighting
  3463 | D:5      | Killed Edmund
  3464 | D:5      | Reached XP level 9. HP: 31/55 MP: 9/12
  3575 | D:5      | Reached skill level 7 in Transmutations
  3602 | D:5      | Reached skill level 4 in Unarmed Combat
  3962 | D:5      | Reached skill level 3 in Fighting
  3999 | D:5      | Killed CoolSool's ghost
  4133 | D:4      | Killed Chingon's ghost
  4134 | D:4      | Reached skill level 8 in Transmutations
  4134 | D:4      | Reached skill level 7 in Ice Magic
  4224 | D:4      | Learned a level 2 spell: Ensorcelled Hibernation
  4234 | D:4      | Killed Duvessa
  4239 | D:4      | Killed Dowan
  4325 | D:5      | Reached skill level 4 in Fighting
  4462 | D:6      | Reached skill level 5 in Unarmed Combat
  4528 | D:6      | Reached XP level 10. HP: 63/63 MP: 7/13
  4778 | D:6      | Noticed Blork the orc
  4782 | D:6      | Killed Blork the orc
  4895 | D:6      | Found a staircase to the Ecumenical Temple.
  4920 | Temple   | Entered the Ecumenical Temple
  4935 | Temple   | Became a worshipper of Ashenzari the Shackled
  5459 | D:6      | Reached skill level 9 in Transmutations
  6108 | D:7      | Reached skill level 5 in Fighting
  6346 | D:7      | Found a glowing golden altar of the Shining One.
  6355 | D:7      | Reached * piety under Ashenzari
  6355 | D:7      | Identified a scroll of acquirement
  6360 | D:7      | Acquired a staff of cold
  6397 | D:7      | Found a basalt altar of Yredelemnul.
  6399 | D:7      | Noticed a profane servitor
  6485 | D:8      | Reached skill level 6 in Unarmed Combat
  6570 | D:8      | Reached skill level 8 in Ice Magic
  6846 | D:8      | Noticed Grum
  6852 | D:8      | Reached skill level 10 in Transmutations
  6860 | D:8      | Reached skill level 3 in Dodging
  6865 | D:8      | Reached XP level 11. HP: 63/72 MP: 10/14
  6868 | D:8      | Killed Grum
  6951 | D:8      | Identified a potion of resistance
  7204 | D:8      | Noticed a two-headed ogre
  7216 | D:8      | Killed a two-headed ogre
  7217 | D:8      | Reached skill level 6 in Fighting
  7439 | D:9      | Reached ** piety under Ashenzari
  7443 | D:9      | Learned a level 2 spell: Passwall
  7450 | D:9      | Noticed a boulder beetle
  7500 | D:9      | Noticed a boulder beetle
  7500 | D:9      | Noticed a centaur warrior
  7500 | D:9      | Noticed a tengu warrior
  7500 | D:9      | Noticed a salamander
  7515 | D:9      | Slain by a tengu warrior

Vanquished Creatures
  A two-headed ogre (D:8)
  Pikel (D:5)
  The ghost of CoolSool the Changer, a novice DrTm of Ru (D:5)
  Grinder (D:5)
  2 hornets
  A spriggan (D:7)
  Sigmund (D:5)
  A wraith (D:9)
  The ghost of Chingon the Covered, an amateur MiFi (D:4)
  A wyvern (D:7)
  9 yaks (D:8)
  Grum (D:8)
  A vampire mosquito (D:9)
  Edmund (D:5)
  Duvessa (D:4)
  2 water moccasins
  3 ice beasts
  2 black bears (D:6)
  A centaur (D:8)
  3 wolves (D:8)
  3 ogres
  2 lemures (D:5)
  A phantom (D:6)
  Blork the orc (D:6)
  2 kobold brigands
  3 bullfrogs
  A necrophage (D:8)
  2 gnoll sergeants
  3 scorpions
  8 wights
  Dowan (D:4)
  4 killer bees
  4 howler monkeys
  4 orc priests
  4 jellies (D:5)
  3 hounds
  A gnoll bouda (D:9)
  7 orc wizards
  4 iguanas
  Robin (D:4)
  13 gnolls
  5 adders
  A white imp (D:6)
  2 worms
  8 dart slugs
  18 orcs
  5 ball pythons
  7 endoplasms
  3 giant cockroaches
  9 goblins
  11 hobgoblins
  4 jackals (D:3)
  18 kobolds
  3 quokkas
  4 bats
  A frilled lizard (D:2)
  A rat (D:2)
207 creatures vanquished.

Table legend: (Time is in decaauts)
 A = Elapsed time spent in this place.
 B = Non-inter-level travel time spent in this place.
 C = Inter-level travel time spent in this place.
 D = Time resting spent in this place.
 E = Time spent auto-exploring this place.
 F = Levels seen in this place.
 G = Mean time per level.
                   A        B        C        D        E       F      G
               +--------+--------+--------+--------+--------+-----+--------+
         Total |   7473 |   7156 |    317 |    313 |   4805 |  10 |  747.3 |
       Dungeon |   7308 |   7011 |    297 |    313 |   4687 |   9 |  812.0 |
        Temple |    164 |    144 |     20 |      0 |    118 |   1 |  164.0 |
               +--------+--------+--------+--------+--------+-----+--------+

Top non-repeatable levels by time:
     D:5: 1401 daAuts
     D:6: 1268 daAuts
     D:4: 1039 daAuts
     D:8: 916 daAuts
     D:1: 745 daAuts
     D:3: 734 daAuts
     D:7: 654 daAuts
     D:2: 403 daAuts
  Temple: 164 daAuts
     D:9: 145 daAuts

Table legend:
 A = Non-vault XP
 B = Vault XP
 C = Vault XP percentage of total XP
 D = Non-vault monster count
 E = Vault monster count
 F = Vault count percentage of total count
                 A         B        C        D         E       F
            +---------+---------+-------+---------+---------+-------
      Total |    8184 |    3886 |  32.2 |     168 |      37 |  18.0
            +---------+---------+-------+---------+---------+-------
        D:1 |      38 |       0 |   0.0 |      19 |       0 |   0.0
        D:2 |      21 |       0 |   0.0 |      10 |       0 |   0.0
        D:3 |     361 |       0 |   0.0 |      27 |       0 |   0.0
        D:4 |     259 |     461 |  64.0 |      19 |      15 |  44.1
        D:5 |    1118 |    2043 |  64.6 |      32 |      12 |  27.3
        D:6 |    1326 |     100 |   7.0 |      19 |       1 |   5.0
        D:7 |     876 |     229 |  20.7 |      14 |       1 |   6.7
        D:8 |    3887 |     549 |  12.4 |      27 |       4 |  12.9
        D:9 |     298 |     504 |  62.8 |       1 |       4 |  80.0
            +---------+---------+-------+---------+---------+-------
